 Dungeon Crawl Stone Soup version 0.29.1-12-g30fa7ad0bf (webtiles) character file.

Game seed: 4495960179303035407

234 hawla the Chiller (level 6, 0/47 HPs)
             Began as a Meteoran Ice Elementalist on Jan 9, 2023.
             Slain by a phantom (6 damage)
             ... on level 4 of the Dungeon.
             The game lasted 00:04:28 (747 turns).

hawla the Chiller (Meteoran Ice Elementalist)        Turns: 747, Time: 00:04:28

Health: 0/47       AC:  4    Str:  9    XL:     6   Next: 51%
Magic:  8/14       EV: 13    Int: 18    God:
Gold:   54         SH:  0    Dex: 16    Spells: 10/14 levels left

rFire   . . .      SeeInvis .   (no weapon)
rCold   . . .      Faith    .   (no shield)
rNeg    . . .      Spirit   .   a - +0 robe
rPois   .          Reflect  .   (no helmet)
rElec   .          Harm     .   (no cloak)
rCorr   .          Rampage  .   (no gloves)
Will    .....                   e - +1 pair of boots
Stlth   +.........              (no amulet)
HPRegen 0.15/turn               (no ring)
MPRegen 0.14/turn               (no ring)

@: attractive, very slightly contaminated, glowing
A: sense surroundings 1, otherworldly, glowing, explore regen
a: no special abilities


You were on level 4 of the Dungeon.
You visited 2 branches of the dungeon, and saw 5 of its levels.

You collected 54 gold pieces.

Inventory:

Armour
 a - a +0 robe (worn)
 e - a +1 pair of boots (worn)
Wands
 g - a wand of flame (24)
Scrolls
 h - a scroll of vulnerability
Potions
 b - a potion of magic
 d - a potion of attraction
 f - 2 potions of mutation {unknown}


   Skills:
 + Level 1.1 Fighting
 + Level 2.9 Dodging
 - Level 1.4 Stealth
 + Level 4.9 Spellcasting
 + Level 6.4 Ice Magic


You had 10 spell levels left.
You knew the following spells:

 Your Spells              Type           Power      Damage    Failure   Level
a - Freeze                Ice            100%       1d11      1%          1
b - Frozen Ramparts       Ice            54%        1d9       3%          3

Your spell library contained the following spells:

 Spells                   Type           Power      Damage    Failure   Level
 Ozocubu's Armour         Ice            27%        N/A       3%          3
 Hailstorm                Conj/Ice       16%        3d6       34%         4


Dungeon Overview and Level Annotations

Branches:
Dungeon (4/15) Zot: 1876   Temple (1/1) D:4 Zot: 376

Altars:
Ashenzari
Elyvilon
Fedhas
Gozag
Hepliaklqana
Kikubaaqudgha
Nemelex Xobeh
Qazlal
Ru
Sif Muna
Trog
Wu Jian
Xom
Zin
The Shining One


Innate Abilities, Weirdness & Mutations

You passively map a small area around you.
You are easily found by Zot.
You glow in the dark.
You regain HP and MP as you explore.


Message History

Press: ? - help, Shift-Dir - straight line, f/p - scorpion
Aim: a scorpion (moderately wounded)
You freeze the scorpion!
The scorpion is almost dead.
You feel sick.
You are no longer poisoned.
The scorpion barely misses you. The phantom hits you.
The iguana closely misses you.
Casting: Freeze (safe; 1% risk of failure)
Confirm with . or Enter, or press ? or * to list all spells.
Aiming: Freeze (safe; 1% risk of failure)
Press: ? - help, Shift-Dir - straight line, f/p - scorpion
Aim: a scorpion (almost dead)
You freeze the scorpion.
You kill the scorpion!
The phantom hits you.
* * * LOW HITPOINT WARNING * * *
The iguana bites you.
* * * LOW HITPOINT WARNING * * *
Your Fighting skill increases to level 1!
Casting: Freeze (safe; 1% risk of failure)
Confirm with . or Enter, or press ? or * to list all spells.
Aiming: Freeze (safe; 1% risk of failure)
Press: ? - help, Shift-Dir - straight line, f - phantom
Aim: a phantom You freeze the phantom but do no damage.
The phantom completely resists.
The phantom hits you but does no damage.
Unknown command.
Casting: Freeze (safe; 1% risk of failure)
Confirm with . or Enter, or press ? or * to list all spells.
Aiming: Freeze (safe; 1% risk of failure)
Press: ? - help, Shift-Dir - straight line, f - iguana, p - phantom
Aim: an iguana (severely wounded, slow)
You freeze the iguana.
The iguana is almost dead.
The iguana seems to slow down.
The iguana bites you but does no damage.
The phantom hits you.
You die...

* , , .....
#####.....
####.........,,
#...........# ,
#...........# ,
#...........# ,
#...W.......# , ,
#....@......#
#...l†....... , ,
#!...............
#...............##
#........#.........
#........#.........
,
#........#.........
#........#.........,
#........#.........,


You could see a phantom and an iguana (slow).

Vanquished Creatures
  An ogre (D:4)
  A scorpion (D:4)
  A jelly (D:4)
  A hound (D:4)
  An adder (D:2)
  A ball python (D:2)
  A giant cockroach (D:3)
  3 goblins
  2 jackals (D:4)
  4 kobolds
  A quokka (D:2)
17 creatures vanquished.

Notes
Turn   | Place    | Note
-------+----------+-------------------------------------------
     0 | D:1      | hawla the Meteoran Ice Elementalist began the quest for the
                  | Orb.
     0 | D:1      | Reached XP level 1. HP: 14/14 MP: 5/5
   162 | D:2      | Reached XP level 2. HP: 20/20 MP: 3/6
   184 | D:2      | Reached XP level 3. HP: 22/26 MP: 0/8
   195 | D:2      | Learned a level 3 spell: Frozen Ramparts
   232 | D:3      | Reached skill level 5 in Ice Magic
   390 | D:4      | Noticed an ogre
   397 | D:4      | Killed an ogre
   398 | D:4      | Reached XP level 4. HP: 5/34 MP: 2/11
   398 | D:4      | Reached XP level 5. HP: 6/39 MP: 2/12
   399 | D:4      | Reached skill level 6 in Ice Magic
   403 | D:4      | Found a staircase to the Ecumenical Temple.
   428 | Temple   | Entered the Ecumenical Temple
   664 | D:4      | Reached XP level 6. HP: 46/46 MP: 7/13
   672 | D:4      | Noticed a fire elemental
   675 | D:4      | Found a stormy altar of Qazlal.
   677 | D:4      | Noticed a water elemental
   677 | D:4      | Noticed an air elemental
   746 | D:4      | Reached skill level 1 in Fighting
   747 | D:4      | Slain by a phantom

Illustrated notes

Levels and vault maps discovered:
D:1:      dpeg_arrival_triangle_fractal, layout_basic, minmay_misc_feat_rugged,
          minmay_misc_feat_four_crosses
D:2:      layout_basic, amcnicky_mini_pool_small, ebering_dispersal_statue_hall,
          hangedman_abyss_or_decor_lesser_grid
D:3:      layout_basic, shapermc_ecumenical_altar_hornbeckon, uniq_robin
D:4:      layout_basic, nicolae_qazlal_style_of_elements,
          minmay_temple_entry_trees, serial_shops, nicolae_shop_statue_plus,
          shop, shop, uniq_eustachio
Temple:   eino_temple_water

Skill      XL: |  1  2  3  4  5  6 |
---------------+-------------------+-----
Spellcasting   | 3 4 |  4.9
Ice Magic      | 5 6 |  6.4
Fighting       | 1 |  1.1
Dodging        | |  2.9
Stealth        | |  1.4

Action                   |  1- 3 |  4- 6 || total
-------------------------+-------+-------++-------
 Cast: Freeze            |    14 |    12 ||    26
       Frozen Ramparts   |     4 |     3 ||     7
  Use: Scroll            |       |     2 ||     2
       Potion            |       |     1 ||     1
Armor: Robe              |     2 |     6 ||     8
Dodge: Dodged            |     4 |    12 ||    16
